 Dungeon Crawl Stone Soup version 0.20.1-1-g8b1a95d (webtiles) character file.

1941 Irenicus the Arsonist (level 9, -4/71 HPs)
             Began as a Hill Orc Fire Elementalist on Oct 11, 2017.
             Slain by Duvessa
             ... wielding a +0 short sword
              (15 damage)
             ... on level 4 of the Dungeon.
             The game lasted 00:24:05 (5448 turns).

Irenicus the Arsonist (Hill Orc Fire Elementalist)  Turns: 5448, Time: 00:24:06

Health: -4/71      AC:  4    Str:  9    XL:     9   Next: 18%
Magic:  1/12       EV: 11    Int: 18    God:
Gold:   228        SH:  0    Dex: 11    Spells: 4/12 levels left

rFire    . . .     SeeInvis .   y - -2 hand axe (curse)
rCold    . . .     Gourm    .   (no shield)
rNeg     . . .     Faith    .   u - +0 leather armour
rPois    .         Spirit   .   h - +0 helmet
rElec    .         Reflect  .   m - -1 cloak (curse)
rCorr    .         Harm     .   (no gloves)
MR       .....                  (no boots)
Stlth    ..........             i - amulet of rage
Regen    0.3/turn               v - ring of flight
MPRegen  0.2/turn               x - ring of loudness (curse)

@: hasted, glowing, very quick
A: weak 1, wild magic 1
a: Evoke Berserk Rage, Evoke Flight


You were on level 4 of the Dungeon.
You were not hungry.

You visited 1 branch of the dungeon, and saw 6 of its levels.
You also visited: Sewer.

You collected 228 gold pieces.

Inventory:

Hand Weapons
 y - a cursed -2 hand axe (weapon)
Armour
 a - a +0 robe
 g - a +1 cloak
 h - a +0 helmet (worn)
 m - a cursed -1 cloak (worn)
 u - a +0 leather armour (worn)
Jewellery
 i - an amulet of rage (around neck)
 v - a ring of flight (left hand)
 x - a cursed ring of loudness (right hand)
Wands
 d - a wand of confusion (9/48)
 q - a wand of iceblast (10/15)
Scrolls
 e - a scroll of enchant weapon
 j - 6 scrolls of teleportation
 o - 3 scrolls of identify
Potions
 k - 2 potions of haste
 n - 3 potions of curing
 p - 3 potions of heal wounds
 s - a potion of degeneration
 t - a potion of lignification {unknown}
Books
 b - a book of Flames

   Spells                             Type                      Level
   a - Flame Tongue                   Conjuration/Fire             1
   b - Throw Flame                    Conjuration/Fire             2
   c - Conjure Flame                  Conjuration/Fire             3
   d - Inner Flame                    Hexes/Fire                   3
   e - Sticky Flame                   Conjuration/Fire             4
   f - Fireball                       Conjuration/Fire             5
Comestibles
 c - 6 bread rations
 f - 3 meat rations
 l - a royal jelly
 r - 4 fruits
 w - 2 chunks of flesh


   Skills:
 - Level 4.2 Fighting
 - Level 1.3 Armour
 - Level 1.5 Dodging
 - Level 1.5 Stealth
 - Level 2.2 Spellcasting
 - Level 6.3 Conjurations
 + Level 10.0 Fire Magic


You had 4 spell levels left.
You knew the following spells:

 Your Spells              Type           Power        Failure   Level  Hunger
a - Flame Tongue          Conj/Fire      #####        1%          1    #......
b - Conjure Flame         Conj/Fire      #####...     4%          3    ###....
c - Sticky Flame          Conj/Fire      #####...     13%         4    #####..


Dungeon Overview and Level Annotations

Branches:
Dungeon (6/15)
 Temple: D:4-7

Altars:
Makhleb
Ru
Xom
Yredelemnul

Annotations:
D:4 Duvessa
D:6 Edmund


Innate Abilities, Weirdness & Mutations

You are weak. (Str -2)
Your spells are a little harder to cast, but a little more powerful.


Message History

Press: ? - help, Shift-Dir - straight line, f/p - Dowan
Aim: Dowan, wielding a dagger and wearing a robe (almost dead)
The flame tongue hits Dowan.
Dowan is almost dead.
Casting: Flame Tongue
Confirm with . or Enter, or press ? or * to list all spells.
Aiming: Flame Tongue
Press: ? - help, Shift-Dir - straight line, f/p - Dowan
Aim: Dowan, wielding a dagger and wearing a robe (almost dead)
The flame tongue hits Dowan.
You kill Dowan!
Duvessa weeps, then rights herself and shakes her weapon.
Duvessa goes berserk!
Your Fire Magic skill increases to level 10!
Duvessa hits you with a short sword! Duvessa hits you with a short sword!!
* * * LOW HITPOINT WARNING * * *
You feel yourself speed up. Duvessa completely misses you.
Duvessa hits you with a short sword!
You die...

..................'......#......#
..................##..##'####..##
..................##..##.####..##
.##..##.....##.........#....#....
###..##.....##.........#....#....
..#....................'....#....
..#.............<.###########..##
.##.###.##..##....##..##.####e.##
##### ####..##..@.........#......
#..##..e.##......#....##
#..##....##.....##....##
#........#########....##
#..##.....).............
###..##....ยง..............
#....##....##........[....
#....##....##.............
#..........#########......


You could see Duvessa (berserk).

Vanquished Creatures
  The ghost of Irenicus the Destroyer, an amateur TeCj (D:4)
  The ghost of Frank the Ducker, an amateur OpFi (Sewer)
  An orc warrior (D:4)
  A centaur (D:5)
  6 big kobolds (Sewer)
  A bullfrog (D:6)
  Dowan (D:4)
  A scorpion (D:6)
  The ghost of Irenicus the Firebug, a weakling HOFE (D:3)
  A howler monkey (D:4)
  5 hounds
  3 orc wizards
  3 orc priests
  An iguana (D:5)
  Ijyb (D:3)
  5 worker ants
  2 hound skeletons
  Robin (D:3)
  14 adders
  8 oozes
  7 worms
  A dart slug (D:3)
  3 leopard geckos
  19 orcs
  2 bats (D:2)
  2 giant cockroaches
  12 goblins
  5 hobgoblins (D:3)
  18 kobolds
  A quokka (D:3)
  3 ball pythons (Sewer)
  4 frilled lizards
  6 rats
  A spectral orc (D:4)
142 creatures vanquished.

Notes
Turn   | Place    | Note
-------+----------+-------------------------------------------
     0 | D:1      | Irenicus the Hill Orc Fire Elementalist began the quest for the Orb.
     0 | D:1      | Reached XP level 1. HP: 14/14 MP: 3/3
   215 | D:1      | Reached XP level 2. HP: 19/20 MP: 1/4
   233 | D:1      | Found a radiant altar of Vehumet.
   235 | D:1      | Found an iron altar of Okawaru.
   235 | D:1      | Found a radiant altar of Vehumet.
   237 | D:1      | Found an ancient bone altar of Kikubaaqudgha.
   237 | D:1      | Found a sparkling altar of Nemelex Xobeh.
   237 | D:1      | Found a shimmering altar of Xom.
   239 | D:1      | Reached skill level 4 in Fire Magic
   897 | D:2      | Gained mutation: You are weak. (Str -2) [potion of mutation]
   897 | D:2      | Gained mutation: Your spells are a little harder to cast, but a little more powerful. [potion of mutation]
   898 | D:2      | Reached XP level 3. HP: 4/26 MP: 0/5
  1076 | D:2      | Reached skill level 5 in Fire Magic
  1330 | D:2      | Found a burning altar of Makhleb.
  1337 | D:2      | Reached XP level 4. HP: 23/33 MP: 0/7
  1474 | D:3      | Found a sacrificial altar of Ru.
  1538 | D:3      | Found a glowing drain.
  1580 | Sewer    | Entered a sewer
  1580 | Sewer    | Noticed Frank's ghost (amateur OpFi)
  1590 | Sewer    | Killed Frank's ghost
  1590 | Sewer    | Reached XP level 5. HP: 27/38 MP: 4/8
  1590 | Sewer    | Reached XP level 6. HP: 32/45 MP: 4/9
  1723 | Sewer    | Reached skill level 5 in Conjurations
  1887 | Sewer    | Reached XP level 7. HP: 46/50 MP: 7/10
  2327 | D:3      | Noticed Irenicus's ghost (weakling HOFE)
  2353 | D:3      | Noticed Robin
  2356 | D:3      | Killed Robin
  2536 | D:3      | Killed Irenicus's ghost
  2536 | D:3      | Reached XP level 8. HP: 66/66 MP: 6/11
  2633 | D:3      | Learned a level 3 spell: Conjure Flame
  2726 | D:3      | Reached skill level 6 in Fire Magic
  2804 | D:3      | Noticed Ijyb
  2914 | D:3      | Killed Ijyb
  3445 | D:4      | Found a shimmering altar of Xom.
  3485 | D:4      | Noticed Duvessa
  3495 | D:4      | Noticed Dowan
  3518 | D:5      | Entered Level 5 of the Dungeon
  3585 | D:5      | Reached skill level 1 in Armour
  3747 | D:5      | Reached skill level 7 in Fire Magic
  3794 | D:5      | Learned a level 4 spell: Sticky Flame
  4402 | D:6      | Noticed Edmund
  4432 | D:4      | Reached skill level 8 in Fire Magic
  4810 | D:4      | Noticed Irenicus's ghost (amateur TeCj)
  4890 | D:4      | HP: 3/66 [orc priest/divine providence (13)]
  4901 | D:4      | HP: 1/66 [Irenicus's ghost/magic dart (7)]
  4906 | D:4      | Killed Irenicus's ghost
  4906 | D:4      | Reached skill level 9 in Fire Magic
  4906 | D:4      | Reached XP level 9. HP: 13/71 MP: 9/12
  5276 | D:4      | Found a basalt altar of Yredelemnul.
  5444 | D:4      | Killed Dowan
  5444 | D:4      | Reached skill level 10 in Fire Magic
  5448 | D:4      | Slain by Duvessa

Skill      XL: |  1  2  3  4  5  6  7  8  9 |
---------------+----------------------------+-----
Fire Magic     | 4 5 9 10 | 10.0
Spellcasting   | 2 |  2.2
Conjurations   | 4 5 6 |  6.3
Fighting       | 4 |  4.2
Armour         | 1 |  1.3
Dodging        | |  1.5
Stealth        | |  1.5

Action                   |  1- 3 |  4- 6 |  7- 9 || total
-------------------------+-------+-------+-------++-------
Melee: Unarmed           |    34 |     5 |    70 ||   109
       Hand axe          |       |       |    47 ||    47
 Cast: Flame Tongue      |    44 |    44 |   261 ||   349
       Conjure Flame     |       |       |    10 ||    10
       Sticky Flame      |       |       |     1 ||     1
Evoke: Wand              |       |       |     4 ||     4
  Use: Potion            |     3 |       |    10 ||    13
       Scroll            |       |       |     8 ||     8
  Eat: Chunk             |     1 |     4 |    15 ||    20
       Fruit             |       |       |     1 ||     1
Armor: Robe              |    10 |     6 |    15 ||    31
       Leather armour    |       |       |    58 ||    58
Dodge: Dodged            |    40 |    12 |   135 ||   187
